 Dungeon Crawl Stone Soup version 0.26-a0-661-g406de6ba63 (webtiles) character file.

Game seed: 8495991086349078901

242 sahdkjhfkaj the Sneak (level 5, -5/25 HPs)
             Began as a Spriggan Enchanter on Oct 8, 2020.
             Killed from afar by a white imp (12 damage)
             ... with a puff of frost
             ... on level 3 of the Dungeon.
             The game lasted 00:08:40 (5569 turns).

sahdkjhfkaj the Sneak (Spriggan Enchanter)          Turns: 5569, Time: 00:08:40

Health: -5/25      AC:  3    Str:  4    XL:     5   Next: 81%
Magic:  11/11      EV: 21    Int: 18    God:
Gold:   230        SH:  5    Dex: 16    Spells: 7/10 levels left

rFire    + . .     SeeInvis +   a - +1 dagger
rCold    . . .     Faith    .   j - +0 buckler
rNeg     . . .     Spirit   .   b - +1 robe
rPois    .         Reflect  .   (helmet restricted)
rElec    .         Harm     .   (no cloak)
rCorr    .         Rampage  .   (gloves unavailable)
MR       .....                  (boots unavailable)
Stlth    ++++......             (no amulet)
HPRegen  0.08/turn              d - +4 ring of evasion
MPRegen  0.12/turn              f - ring of protection from fire

@: very quick
A: very small, unfitting armour, see invisible, speed 3
a: no special abilities


You were on level 3 of the Dungeon.
You visited 1 branch of the dungeon, and saw 3 of its levels.

You collected 230 gold pieces.

Inventory:

Hand Weapons
 a - a +1 dagger (weapon)
Missiles
 c - 59 stones (quivered)
 l - a curare-tipped dart
Armour
 b - a +1 robe (worn)
 j - a +0 buckler (worn)
Jewellery
 d - a +4 ring of evasion (left hand)
 f - a ring of protection from fire (right hand)
 p - an uncursed ring of positive energy
 u - an uncursed ring of teleportation
Scrolls
 i - 2 scrolls of magic mapping
 o - a scroll of immolation
 t - a scroll of remove curse
 v - a scroll of teleportation {unknown}
Potions
 e - 2 potions of degeneration {unknown}
 g - 3 potions of heal wounds {unknown}
 h - a potion of lignification {unknown}
 k - a potion of flight {unknown}
 m - 2 potions of mutation {unknown}
 n - 2 potions of berserk rage {unknown}
 q - a potion of curing {unknown}
 r - 2 potions of might {unknown}


   Skills:
 - Level 1.0 Fighting
 + Level 2.4 Short Blades
 - Level 3.0 Dodging
 + Level 7.4 Stealth
 + Level 0.0 Shields
 + Level 3.3 Spellcasting
 + Level 5.3 Hexes


You had 7 spell levels left.
You knew the following spells:

 Your Spells              Type           Power        Failure   Level
a - Corona                Hex            ###....      3%          1
b - Ensorcelled Hibernat  Hex/Ice        ##....       14%         2

Your spell library contained the following spells:

 Spells                   Type           Power        Failure   Level
 Confusing Touch          Hex            ###.....     9%          3
 Tukima's Dance           Hex            ###.....     9%          3
 Dazzling Flash           Conj/Hex       ##....       26%         3


Dungeon Overview and Level Annotations

Branches:
Dungeon (3/15)

Altars:
Nemelex Xobeh


Innate Abilities, Weirdness & Mutations

You are very small and have problems with some larger weapons.
You are too small for most types of armour.
You have supernaturally acute eyesight. (SInv)
You cover ground extremely quickly.


Message History

The white imp is moderately wounded.
The white imp gestures at you. The puff of frost misses you.
You hit the white imp but do no damage.
The white imp is moderately wounded.
You block the white imp's attack.
You hit the white imp but do no damage.
The white imp is lightly wounded.
The white imp closely misses you.
You hit the white imp but do no damage.
The white imp is lightly wounded.
The white imp misses you.
You hit the white imp but do no damage.
The white imp is lightly wounded.
The white imp gestures at you. The puff of frost hits you!
* * * LOW HITPOINT WARNING * * *
The white imp gestures at you. The puff of frost hits you!
You die...

#............# .....###
#..#####.#..)#####...#...
..........##†)....'##...#
[<.)#.###.#.#..#..# .#.##
..(.......###.....###.... .#
##..#.#..#..[#.#.#...#.# #.#
##.....................# #>#
.###.(#.####5####.#.#..# #.#
...###..........@...#..###.#
.#...#######.####........#.#
####...#####.# #..###.#.#.#
#†.###.....#.# #..# #.....###
#....##.##)..####..#####.#...#
..⌠..#..####.........###.#####
....##.#########.............#
.#..#..# #........############
.####.####.#####.##


You could see a white imp.

Vanquished Creatures
  An orc wizard (D:3)
  2 worker ants (D:3)
  4 gnolls
  4 adders
  An ooze (D:1)
  3 worms
  3 dart slugs
  4 orcs (D:2)
  A ball python (D:3)
  2 giant cockroaches (D:2)
  13 hobgoblins
  2 quokkas (D:2)
  9 bats
  5 frilled lizards
  8 goblins
  6 kobolds
  8 rats
76 creatures vanquished.

Vanquished Creatures (others)
  A leopard gecko (D:1)
1 creature vanquished.

Grand Total: 77 creatures vanquished

Notes
Turn   | Place    | Note
-------+----------+-------------------------------------------
     0 | D:1      | sahdkjhfkaj the Spriggan Enchanter began the quest for the
                  | Orb.
     0 | D:1      | Reached XP level 1. HP: 9/9 MP: 5/5
   171 | D:1      | Reached skill level 1 in Fighting
   507 | D:1      | Reached XP level 2. HP: 14/14 MP: 6/6
   521 | D:1      | Learned a level 2 spell: Ensorcelled Hibernation
  1581 | D:1      | Reached XP level 3. HP: 18/18 MP: 8/8
  2034 | D:2      | Found a sparkling altar of Nemelex Xobeh.
  2047 | D:2      | Reached skill level 5 in Stealth
  3448 | D:2      | Reached XP level 4. HP: 22/22 MP: 6/9
  4199 | D:3      | Reached skill level 6 in Stealth
  4345 | D:3      | Reached skill level 5 in Hexes
  4603 | D:3      | Reached XP level 5. HP: 25/25 MP: 7/10
  4671 | D:3      | Reached skill level 7 in Stealth
  5569 | D:3      | Killed from afar by a white imp

Illustrated notes

Levels and vault maps discovered:
D:1:      minmay_arrival_cross, layout_basic, hangedman_decor_clover_reticule,
          lemuel_flame_loot_1
D:2:      layout_basic, nemelex_xobeh_ov_fountains_minmay
D:3:      minmay_skewed_foursquare, layout_basic,
          minmay_fractal_squares_diagonal_5

Skill      XL: |  1  2  3  4  5 |
---------------+----------------+-----
Fighting       | 1 |  1.0
Spellcasting   | 3 |  3.3
Hexes          | 4 5 |  5.3
Stealth        | 5 6 7 |  7.4
Short Blades   | 2 |  2.4
Dodging        | |  3.0

Action                   |  1- 3 |  4- 6 || total
-------------------------+-------+-------++-------
Melee: Dagger            |   176 |   117 ||   293
Throw: Stone             |    14 |       ||    14
 Cast: Ensorcelled Hiber |    20 |    30 ||    50
  Use: Scroll            |     3 |     7 ||    10
 Stab: Sleeping          |    20 |    22 ||    42
Armor: Robe              |    14 |    13 ||    27
Dodge: Dodged            |   178 |   132 ||   310
Block: Buckler           |       |     1 ||     1

Table legend: (Time is in decaauts)
 A = Elapsed time spent in this place.
 B = Non-inter-level travel time spent in this place.
 C = Inter-level travel time spent in this place.
 D = Time resting spent in this place.
 E = Time spent auto-exploring this place.
 F = Levels seen in this place.
 G = Mean time per level.
                   A        B        C        D        E       F      G
               +--------+--------+--------+--------+--------+-----+--------+
         Total |   4673 |   4624 |     49 |   1791 |   2040 |   3 | 1557.7 |
       Dungeon |   4673 |   4624 |     49 |   1791 |   2040 |   3 | 1557.7 |
               +--------+--------+--------+--------+--------+-----+--------+

Top non-repeatable levels by time:
     D:2: 2099 daAuts
     D:1: 1510 daAuts
     D:3: 1063 daAuts
